 Dungeon Sprint DCSS version 0.30.1-11-g7821555f0a (webtiles) character file.

Game seed: 10179322635646416855

89 Heoruswealwe the Poker (level 4, -1/44 HPs)
             Began as a Minotaur Fighter on Nov 2, 2023.
             Slain by an iguana (3 damage)
             ... in the Dungeon (Sprint IX: "|||||||||||||||||||||||||||||").
             The game lasted 00:01:18 (44 turns).

Heoruswealwe the Poker (Minotaur Fighter)             Turns: 44, Time: 00:01:18

Health: -1/44      AC:  7    Str: 22    XL:     4   Next: 31%
Magic:  3/3        EV:  9    Int:  5    God:
Gold:   0          SH:  4    Dex: 10    Spells: 3/3 levels left

rFire   . . .        a - +0 trident
rCold   . . .        d - +0 buckler
rNeg    . . .        c - +0 scale mail
rPois   .            (helmet restricted)
rElec   .            (no cloak)
rCorr   .            (no gloves)
SInv    .            (no boots)
Will    .....        (no amulet) Stlth
                     (no ring)
HPRegen 0.27/turn    (no ring)
MPRegen 0.08/turn

%: no teleportation
@: lethally poisoned (-1 -> -4)
A: horns 2, retaliatory headbutt
a: no special abilities


You were in the Dungeon.
You visited 1 branch

Inventory:

Hand Weapons
 a - a +0 trident (weapon)
Armour
 c - a +0 scale mail (worn)
 d - a +0 buckler (worn)
Scrolls
 j - a scroll of blinking
Potions
 b - a potion of might
 g - a potion of haste
 i - a potion of berserk rage


   Skills:
 + Level 6.2 Fighting
 * Level 7.6 Polearms
 + Level 6.2 Armour
 - Level 3.6 Shields


You had 3 spell levels left.
You didn't know any spells.
Your spell library was empty.

Dungeon Overview and Level Annotations

Branches:
Dungeon (1/1)

Altars:


Innate Abilities, Weirdness & Mutations

You have a pair of horns on your head.
You reflexively headbutt those who attack you in melee.


Message History

The gnoll bouda barely misses you.
Your Fighting skill increases to level 5!
Your Polearms skill gained 3 levels and is now at level 6!
Your Armour skill increases to level 5!
You have reached level 2!
You have reached level 3!
Your experience leads to an increase in your attributes!
Increase (S)trength, (I)ntelligence, or (D)exterity?
You feel stronger. x2
You puncture the gnoll bouda!
The gnoll bouda is moderately wounded.
You feel very sick. The gnoll bouda closely misses you.
You barely miss the gnoll bouda.
The gnoll bouda is moderately wounded.
You feel sick.
The gnoll bouda hits you with a +0 club!
* * * LOW HITPOINT WARNING * * *
You puncture the gnoll bouda!
The gnoll bouda is almost dead.
* * * LOW HITPOINT WARNING * * *
You feel sick.
You puncture the gnoll bouda!
You kill the gnoll bouda!
* * * LOW HITPOINT WARNING * * *
You feel sick.
Your Fighting skill increases to level 6!
Your Polearms skill increases to level 7!
Your Armour skill increases to level 6!
You have reached level 4!
You feel agile.
You hit the iguana. You headbutt the iguana.
The iguana is heavily wounded.
* * * LOW HITPOINT WARNING * * *
You feel sick. The iguana barely misses you.
You puncture the iguana! Your headbutt misses the iguana.
The iguana is almost dead.
* * * LOW HITPOINT WARNING * * *
You feel sick. The iguana bites you.
You die...

▓+▓
▓.▓
▓.▓
▓.▓
▓J▓
▓S▓
▓l▓
▓@▓
▓.▓
▓.▓
▓.▓
▓.▓
▓'▓
▓.▓
▓!▓
▓.▓


You could see an iguana, a jelly and an adder.

Vanquished Creatures
  A scorpion (D)
  A gnoll bouda (D)
  An endoplasm (D)
  3 ball pythons (D)
  A frilled lizard (D)
7 creatures vanquished.

Notes
Turn   | Place    | Note
-------+----------+-------------------------------------------
     0 | D        | Heoruswealwe the Minotaur Fighter began the quest for the
                  | Orb.
     0 | D        | Reached XP level 1. HP: 19/19 MP: 0/0
     8 | D        | Reached skill level 3 in Polearms
    25 | D        | Noticed a jelly
    25 | D        | Noticed an iguana
    25 | D        | Noticed a gnoll bouda
    25 | D        | Noticed a scorpion
    38 | D        | Killed a scorpion
    39 | D        | Reached skill level 5 in Fighting
    39 | D        | Reached skill level 6 in Polearms
    39 | D        | Reached skill level 5 in Armour
    39 | D        | Reached XP level 2. HP: 13/30 MP: 1/1
    39 | D        | Reached XP level 3. HP: 16/37 MP: 2/2
    43 | D        | Reached skill level 7 in Polearms
    43 | D        | Reached XP level 4. HP: 3/44 MP: 3/3
    43 | D        | HP: 2/44 [poisoned by a scorpion]
    44 | D        | Slain by an iguana

Illustrated notes

Levels and vault maps discovered:
D:        linesprint [early_d, line_temple, items_1, d_10, items_2, lair_1,
          lair_end, items_3, orc_1, orc_end, items_4, d_15, swamp_1, shoals_1,
          snake_1, spider_1, d_20, vaults_1, items_5, swamp_end, shoals_end,
          snake_end, spider_end, vaults_end, d_27, items_6, zot_1, zot_end,
          crypt_end, forest_end, elf_end, slime_end, tomb_end, abyss_end,
          pan_hell_end]

Skill      XL: |  1  2  3 |
---------------+----------+-----
Polearms       | 6 7 |  7.6
Fighting       | 5 6 |  6.2
Armour         | 5 6 |  6.2
Shields        | |  3.6

Action                     |  1- 3 |  4- 6 || total
---------------------------+-------+-------++-------
  Melee: Trident           |    25 |     2 ||    27
         Headbutt          |     1 |     1 ||     2
    Use: Potion            |     2 |       ||     2
 Armour: Scale mail        |     8 |       ||     8
  Dodge: Dodged            |     7 |     1 ||     8
  Block: Buckler           |     4 |       ||     4
